 Dungeon Crawl Stone Soup version 0.19.0 (webtiles) character file.

1689 CanadianGator the Carver (level 8, -3/106 HPs)
             Began as a Minotaur Berserker on Nov 15, 2016.
             Was an Elder of Trog.
             Slain by an orc knight
             ... wielding a cursed +0 broad axe
              (13 damage)
             ... in a bailey.
             The game lasted 00:23:23 (5061 turns).

CanadianGator the Carver (Minotaur Berserker)       Turns: 5061, Time: 00:23:23

Health: -3/106     AC: 21    Str: 25      XL:     8   Next: 71%
Magic:  6/6        EV:  8    Int:  4      God:    Trog [****..]
Gold:   258        SH:  0    Dex:  9 (12) Spells: 0 memorised, 7 levels left

rFire  . . .     SeeInvis .     h - +2 falchion (protect)
rCold  + . .     Gourm    .     o - +0 plate armour
rNeg   . . .     Faith    .     (no shield)
rPois  .         Spirit   .     (helmet unavailable)
rElec  .         Reflect  .     B - +0 cloak
rCorr  .         Harm     .     t - +0 pair of gloves
MR     .....                    C - +2 pair of boots
Stlth  ..........               i - amulet of regeneration
                                b - ring of protection from cold
                                E - ring of flight

@: berserking (expiring), protection aura, flying, starving, very quick
A: retaliatory headbutt, horns 3, blink, deformed body, low mp 1, weak 1,
MP-powered wands
a: Blink, Berserk, Trog's Hand, Brothers in Arms, Burn Spellbooks, Renounce
Religion, Stop Flying


You were in a bailey.
You worshipped Trog.
Trog was greatly pleased with you.
You were starving.

You visited 1 branch of the dungeon, and saw 7 of its levels.
You also visited: Bailey.

You collected 258 gold pieces.

Inventory:

Hand Weapons
 a - a +0 falchion
 h - a +2 falchion of protection (weapon)
Armour
 o - a +0 plate armour (worn)
 t - a +0 pair of gloves (worn)
 B - a +0 cloak (worn)
 C - a +2 pair of boots (worn)
Jewellery
 b - a ring of protection from cold (right hand)
 e - an uncursed ring of teleportation
 i - an amulet of regeneration (around neck)
 y - an uncursed ring of wizardry
 E - a ring of flight (left hand)
Wands
 j - a wand of polymorph (17/24)
 p - a wand of iceblast (7/15)
 z - a wand of flame (21/48)
 A - a wand of flame (18/48)
Scrolls
 n - 6 scrolls of teleportation
 q - 2 scrolls of remove curse
 u - 2 scrolls of identify
 D - a scroll of recharging
Potions
 d - 2 potions of curing
 g - a potion of agility
 k - a potion of lignification
 l - a potion of ambrosia
 m - a potion of flight
 r - a potion of berserk rage
 s - a potion of haste
 v - a potion of heal wounds
Comestibles
 c - 3 bread rations
 f - 5 meat rations
 w - 2 fruits
 x - a slice of pizza


   Skills:
 + Level 6.4 Fighting
 * Level 9.7 Long Blades
 * Level 8.2 Armour
 + Level 3.2 Dodging


You had 7 spell levels left.
You didn't know any spells.

Dungeon Overview and Level Annotations

Branches:
Dungeon (7/15)             Temple (0/1) D:5

Altars:
Ashenzari
Cheibriados
Dithmenos
Elyvilon
Kikubaaqudgha
Okawaru
Ru
Sif Muna
Yredelemnul

Shops:
D:6 }   D:7 [


Innate Abilities, Weirdness & Mutations

You reflexively headbutt those who attack you in melee.
You have a pair of large horns on your head.
You can translocate small distances at will.
Armour fits poorly on your strangely shaped body.
Your magical capacity is low. (-10% MP)
You are weak. (Str -2)
You expend magic power (3 MP) to strengthen your wands.


Message History

You hit the orc knight.
You headbutt the orc knight, but do no damage.
The orc knight is moderately wounded.
You are too berserk!
You slash the orc knight! Your headbutt misses the orc knight.
The orc knight is heavily wounded.
The orc warrior closely misses you. The orc knight misses you.
You slash the orc knight! You headbutt the orc knight.
The orc knight is severely wounded.
You slash the orc knight! Your headbutt misses the orc knight.
The orc knight is almost dead.
The orc warrior hits you with a war axe.
* * * LOW HITPOINT WARNING * * *
You closely miss the orc knight.
The orc knight is almost dead.
The orc knight roars a battlecry!
You closely miss the orc knight. Your headbutt misses the orc knight.
The orc knight is almost dead.
The orc knight hits you with a broad axe!
You die...

####...(..∩.
####.....(.....
###......(.≈≈≈≈≈≈
##.....(((≈≈≈≈≈≈≈≈
##......≈≈≈≈≈######
###....≈≈≈≈≈≈≈K#Kogo.
≈###≈≈≈≈≈≈≈≈≈..####.....
≈≈≈≈≈≈≈≈≈≈.....#K.####'#
≈≈≈≈#@oKK..###.... ..
### ##oK...# '..###
.KK...# ..# ....⌠....#
#.........# ##..........
####....... ######


You could see an orc knight, an orc warrior and 5 kobolds.

Vanquished Creatures
  Grinder (D:4)
  Sigmund (D:2)
  An orc warrior (Bailey)
  A hornet zombie (D:5)
  2 ogres
  A bullfrog (D:6)
  2 howler monkeys
  2 crimson imps
  Crazy Yiuf (D:6)
  2 hounds
  A bullfrog skeleton (D:5)
  5 orc priests
  An orc wizard (D:6)
  Jessica (D:2)
  An iguana (D:6)
  Ijyb (D:3)
  Terence (D:2)
  3 worker ants
  A hound skeleton (D:4)
  6 gnolls
  7 adders
  3 shadow imps
  2 adder skeletons
  2 worms
  2 dart slugs (D:2)
  4 leopard geckos
  28 orcs
  3 ball pythons
  8 bats
  5 giant cockroaches
  7 hobgoblins
  10 jackals
  4 quokkas
  9 frilled lizards
  14 goblins
  12 kobolds
  10 rats
165 creatures vanquished.

Notes
Turn   | Place    | Note
-------+----------+-------------------------------------------
     0 | D:1      | CanadianGator the Minotaur Berserker began the quest for the Orb.
     0 | D:1      | Reached XP level 1. HP: 19/19 MP: 0/0
   202 | D:1      | Reached XP level 2. HP: 24/27 MP: 1/1
   973 | D:2      | Noticed Jessica
   979 | D:2      | Killed Jessica
   979 | D:2      | Reached skill level 4 in Long Blades
   979 | D:2      | Reached XP level 3. HP: 32/33 MP: 2/2
   991 | D:2      | Noticed Terence
  1016 | D:2      | Killed Terence
  1016 | D:2      | Reached XP level 4. HP: 20/41 MP: 3/3
  1132 | D:2      | Reached ** piety under Trog
  1324 | D:2      | Gained mutation: Armour fits poorly on your strangely shaped body. [potion of mutation]
  1324 | D:2      | Gained mutation: Your flesh is cold resistant. (rC+) [potion of mutation]
  1324 | D:2      | Gained mutation: You expend magic power (3 MP) to strengthen your wands. [potion of mutation]
  1325 | D:2      | Noticed Sigmund
  1341 | D:2      | Killed Sigmund
  1341 | D:2      | Reached skill level 5 in Long Blades
  1341 | D:2      | Reached XP level 5. HP: 33/47 MP: 4/4
  1385 | D:2      | Gained mutation: You evolve. [potion of mutation]
  1385 | D:2      | Gained mutation: Your magical capacity is low. (-10% MP) [potion of mutation]
  1385 | D:2      | Gained mutation: You can translocate small distances at will. [potion of mutation]
  1437 | D:2      | Reached skill level 6 in Long Blades
  1437 | D:2      | Reached XP level 6. HP: 46/55 MP: 4/4
  1464 | D:2      | Gained mutation: You have a pair of large horns on your head. [potion of mutation]
  1464 | D:2      | Gained mutation: You are weak. (Str -2) [potion of mutation]
  1669 | D:3      | Found a faded altar of an unknown god.
  1909 | D:3      | Reached skill level 5 in Fighting
  2239 | D:3      | Noticed Ijyb
  2251 | D:3      | Killed Ijyb
  2313 | D:3      | Reached *** piety under Trog
  2591 | D:4      | Noticed Grinder
  2603 | D:4      | Killed Grinder
  2603 | D:4      | Reached skill level 7 in Long Blades
  2603 | D:4      | Reached skill level 5 in Armour
  2603 | D:4      | Reached XP level 7. HP: 61/61 MP: 5/5
  2648 | D:4      | Lost mutation: You evolve. [potion of mutation]
  2648 | D:4      | Lost mutation: Your flesh is cold resistant. (rC+) [potion of mutation]
  3177 | D:4      | Found a white marble altar of Elyvilon.
  3177 | D:4      | Found a snail-covered altar of Cheibriados.
  3182 | D:4      | Found a faded altar of an unknown god.
  3184 | D:4      | Found a faded altar of an unknown god.
  3186 | D:4      | Found a sacrificial altar of Ru.
  3235 | D:4      | Found a deep blue altar of Sif Muna.
  3342 | D:5      | Entered Level 5 of the Dungeon
  3342 | D:5      | Found a staircase to the Ecumenical Temple.
  3435 | D:5      | Reached skill level 8 in Long Blades
  3819 | D:5      | Reached **** piety under Trog
  3819 | D:5      | Reached XP level 8. HP: 68/69 MP: 6/6
  4046 | D:6      | Found Liyjuj's Gadget Emporium.
  4197 | D:6      | Found an iron altar of Okawaru.
  4262 | D:6      | Received a gift from Trog
  4410 | D:6      | Reached skill level 9 in Long Blades
  4497 | D:6      | Found a runed door.
  4501 | D:6      | Noticed Crazy Yiuf
  4514 | D:6      | Killed Crazy Yiuf
  4555 | D:6      | Found an ancient bone altar of Kikubaaqudgha.
  4561 | D:6      | Found a shadowy altar of Dithmenos.
  4564 | D:6      | Found a shattered altar of Ashenzari.
  4565 | D:6      | Found a basalt altar of Yredelemnul.
  4956 | D:7      | Found Guus's Armour Boutique.
  5003 | D:7      | Found a flagged portal.
  5010 | Bailey   | Entered a bailey
  5021 | Bailey   | Noticed an orc knight
  5024 | Bailey   | Noticed an orc knight
  5061 | Bailey   | Slain by an orc knight

Skill      XL: |  1  2  3  4  5  6  7  8 |
---------------+-------------------------+-----
Fighting       | 4 5 6 |  6.4
Armour         | 3 4 5 6 8 |  8.2
Long Blades    | 4 5 6 7 8 9 |  9.7
Dodging        | 3 |  3.2

Action                   |  1- 3 |  4- 6 |  7- 9 || total
-------------------------+-------+-------+-------++-------
Melee: Falchion          |    47 |   145 |   271 ||   463
       Headbutt          |    15 |    20 |    43 ||    78
       Unarmed           |    16 |       |       ||    16
Invok: Berserk           |       |     2 |     1 ||     3
 Abil: Blink             |       |       |     1 ||     1
       Evoke Flight      |       |       |     1 ||     1
  Use: Scroll            |     2 |     7 |     8 ||    17
       Potion            |       |     5 |     5 ||    10
  Eat: Chunk             |       |     6 |     4 ||    10
       Bread ration      |       |       |     1 ||     1
Armor: Leather armour    |     7 |     4 |       ||    11
       Animal skin       |     2 |       |       ||     2
       Plate armour      |       |    68 |   173 ||   241
Dodge: Dodged            |    41 |    68 |   126 ||   235
       Rpst.: Falchion   |    12 |    18 |    30 ||    60
